 Dungeon Crawl Stone Soup version 0.23.0-3-gf3c87f2 (webtiles) character file.

Game seed: 8866408171416241409

46 Borgoz the Sneak (level 3, -1/26 HPs)
             Began as a Ghoul Enchanter on Feb 24, 2019.
             Slain by Sigmund
             ... wielding a +0 scythe
              (11 damage)
             ... on level 2 of the Dungeon.
             The game lasted 00:03:39 (1245 turns).

Borgoz the Sneak (Ghoul Enchanter)                  Turns: 1245, Time: 00:03:40

Health: -1/26      AC:  2    Str: 11    XL:     3   Next: 66%
Magic:  2/4        EV: 12    Int: 10    God:
Gold:   38         SH:  0    Dex: 10    Spells: 3/5 levels left

rFire    + . .     SeeInvis .   a - +1 dagger
rCold    . . .     Gourm    .   (no shield)
rNeg     + + +     Faith    .   b - +0 robe
rPois    ∞         Spirit   .   (no helmet)
rElec    .         Reflect  .   (no cloak)
rCorr    .         Harm     .   (no gloves)
MR       .....                  (no boots)
Stlth    ++........             (no amulet)
HPRegen  0.00/turn              e - ring of fire
MPRegen  0.09/turn              (no ring)

@: very slightly contaminated, rotting
A: rotting body, claws 1, carnivore, cold resistance 1, negative energy
resistance 3, inhibited regeneration, torment resistance, unbreathing
a: no special abilities


You were on level 2 of the Dungeon.
You were not hungry.

You visited 1 branch of the dungeon, and saw 2 of its levels.

You collected 38 gold pieces.

Inventory:

Hand Weapons
 a - a +1 dagger (weapon)
Armour
 b - a +0 robe (worn)
Jewellery
 e - a ring of fire (left claw)
Scrolls
 c - 3 scrolls of magic mapping {unknown}
 h - a scroll of enchant weapon {unknown}
 i - a scroll of fear {unknown}
 j - a scroll of remove curse {unknown}
 k - a scroll of amnesia
Comestibles
 d - 2 rations
 g - 2 chunks of flesh


   Skills:
 + Level 0.1 Fighting
 + Level 1.6 Short Blades
 + Level 2.2 Dodging
 + Level 3.6 Stealth
 + Level 1.8 Spellcasting
 + Level 2.9 Hexes


You had 3 spell levels left.
You knew the following spells:

 Your Spells              Type           Power        Failure   Level  Hunger
b - Ensorcelled Hibernat  Hex/Ice        #.....       26%         2    ###....

Your spell library contained the following spells:

 Spells                   Type           Power        Failure   Level  Hunger
 Corona                   Hex            #......      10%         1    ##.....
 Confuse                  Hex            #.......     28%         3    ####...
 Tukima's Dance           Hex            #.......     28%         3    ####...
 Dazzling Spray           Conj/Hex       #.....       45%         3    ####...


Dungeon Overview and Level Annotations

Branches:
Dungeon (2/15)

Altars:

Annotations:
D:2 Sigmund


Innate Abilities, Weirdness & Mutations

Your body is rotting away.
You thrive on raw meat.
You are immune to poison.
You have sharp fingernails.
You are carnivorous and can eat meat at any time.
Your flesh is cold resistant. (rC+)
You are immune to negative energy. (rN+++)
You do not regenerate when monsters are visible.
You are immune to unholy pain and torment.
You can survive without breathing.


Message History

Sigmund flickers, as though insubstantial.
Sigmund barely misses you. The bat completely misses you. The worm bites you.
* * * LOW HITPOINT WARNING * * *
The bat hits you.
* * * LOW HITPOINT WARNING * * *
The bat closely misses you.
Sigmund mumbles some strange words.
Sigmund flickers and vanishes!
Deactivating autopickup; reactivate with Ctrl-A.
Eat one of 5 chunks of flesh? (ye/n/q)
You eat one of the 5 chunks of flesh.
This raw flesh tastes great!
The bat hits you but does no damage. Something hits you.
* * * LOW HITPOINT WARNING * * *
Eat one of 4 chunks of flesh? (ye/n/q)
You eat one of the 4 chunks of flesh.
This raw flesh tastes great!
The worm barely misses you.
Eat one of 3 chunks of flesh? (ye/n/q)
You eat one of the 3 chunks of flesh.
This raw flesh tastes great!
Something hits you!
You die...

#.# ##### #.#
.... #.#
#..#### #.#
#...^. #.#
###(.#
#######.#
K<(..#
........#
##### .....#
#.@###...#####
.###.#
#w{##.........
.# ...
#.b.......##
.# .#...
#$..(......#
.. .####
#.####...#.#
#. .# ...#
#####.# # .#
##### #.# #.#
#.#


You could see a worm and a bat.

Vanquished Creatures
  An adder (D:2)
  An ooze (D:1)
  5 leopard geckos (D:1)
  A giant cockroach (D:2)
  3 goblins
  2 hobgoblins
  A jackal (D:2)
  A quokka (D:2)
  4 bats
  2 frilled lizards (D:1)
  2 kobolds
  5 rats
28 creatures vanquished.

Notes
Turn   | Place    | Note
-------+----------+-------------------------------------------
     0 | D:1      | Borgoz the Ghoul Enchanter began the quest for the Orb.
     0 | D:1      | Reached XP level 1. HP: 14/14 MP: 2/2
    87 | D:1      | Reached skill level 1 in Short Blades
   355 | D:1      | Reached XP level 2. HP: 19/20 MP: 1/3
   604 | D:1      | Learned a level 2 spell: Ensorcelled Hibernation
  1047 | D:2      | Reached XP level 3. HP: 13/26 MP: 4/4
  1213 | D:2      | Noticed Sigmund
  1230 | D:2      | HP: 1/26 [Sigmund/+0 scythe (9)]
  1245 | D:2      | Slain by Sigmund

Skill      XL: |  1  2  3 |
---------------+----------+-----
Short Blades   | 1 |  1.6
Dodging        | 2 |  2.2
Fighting       | |  0.1
Stealth        | |  3.6
Spellcasting   | |  1.8
Hexes          | |  2.9

Action                   || total
-------------------------++-------
Melee: Dagger            ||   143
 Cast: Corona            ||     3
       Ensorcelled Hiber ||     1
  Use: Potion            ||     3
       Scroll            ||     2
 Stab: Sleeping          ||     5
  Eat: Chunk             ||    16
Armor: Robe              ||    45
Dodge: Dodged            ||   164
